 Dungeon Crawl Stone Soup version 0.28.0-43-g3370ac3207 (console) character file.

Game seed: 15842976058228356516

14768 Zeor the Thaumaturge (level 12, -1/86 HPs)
             Began as a Djinni Cinder Acolyte on Mar 29, 2022.
             Was an Elder of Ignis.
             Slain by a two-headed hydra (6 damage)
             ... on level 1 of the Lair of Beasts.
             The game lasted 00:37:58 (14423 turns).

Zeor the Thaumaturge (Djinni Cinder Acolyte)       Turns: 14423, Time: 00:37:59

Health: -1/86      AC:  8    Str: 13    XL:     12   Next: 49%
Gold:   416        EV: 18    Int: 28    God:    Ignis [****..] SH:  6 Dex: 18

rFire   + + +      SeeInvis .   a - +1 scimitar (flame)
rCold   . . .      Faith    .   E - +0 buckler {rN+}
rNeg    + . .      Spirit   .   y - +3 leather armour {rC+}
rPois   ∞          Reflect  .   k - +0 helmet of Oblivion {rF+ Int+3 Dex+7}
rElec   .          Harm     .   l - +0 cloak
rCorr   .          Rampage  .   (no gloves)
Will    +....                   (boots unavailable)
Stlth   ++........              w - amulet of the acrobat
HPRegen 0.24/turn               d - +6 ring of intelligence
MPRegen 0.00/turn               t - +4 ring of evasion

@: flying
A: sickness immunity, fire resistance 2, cold vulnerability 1, float, innate
caster, HP casting, extra vitality 1
a: Renounce Religion, Fiery Armour, Foxfire Swarm


You were on level 1 of the Lair of Beasts.
You worshipped Ignis.
Ignis was greatly pleased with you.
You visited 2 branches of the dungeon, and saw 10 of its levels.

You collected 506 gold pieces.
You spent 90 gold pieces at shops.

Inventory:

Hand Weapons
 a - a +1 scimitar of flaming (weapon)
 b - a +0 long sword of draining
 h - a +0 great sword
 j - a +0 rapier of electrocution
 r - a +2 long sword
 C - a +1 scimitar
 K - a +0 falchion of flaming
Missiles
 e - 275 arrows
 g - a curare-tipped dart
 i - 2 throwing nets
 u - 5 atropa-tipped darts
 J - 5 javelins
Armour
 k - the +0 helmet of Oblivion (worn) {rF+ Int+3 Dex+7}
   (You found it on level 3 of the Dungeon)

   Int:       It affects your intelligence (+3).
   Dex:       It affects your dexterity (+7).
   rF:        It protects you from fire.
 l - a +0 cloak (worn)
 m - a scarf of harm
 y - a +3 leather armour of cold resistance (worn)
 D - a +0 kite shield
 E - a +0 buckler of positive energy (worn)
Magical Staves
 z - a staff of earth
 I - a staff of fire
Jewellery
 d - a +6 ring of intelligence (left hand)
 q - a ring of protection from fire
 t - a +4 ring of evasion (right hand)
 w - an amulet of the acrobat (around neck)
 L - a ring of resist corrosion
Wands
 p - a wand of iceblast (19)
 s - a wand of polymorph (4)
 x - a wand of acid (8)
 B - a wand of flame (46)
 F - a wand of digging (3)
Scrolls
 n - 3 scrolls of immolation
 G - 2 scrolls of teleportation
Potions
 c - a potion of might
 f - 2 potions of curing
 o - 3 potions of haste
 v - 3 potions of brilliance
 A - a potion of resistance
 H - a potion of heal wounds


   Skills:
 * Level 7.7 Fighting
 + Level 5.3 Long Blades
 + Level 3.1 Armour
 + Level 5.0 Dodging
 - Level 1.0 Stealth
 + Level 5.5 Shields
 + Level 12.2 Spellcasting


You had 18 spell levels left.
You knew the following spells:

 Your Spells              Type           Power      Damage    Failure   Level
a - Scorch                Fire           100%       2d10      1%          2
b - Magic Dart            Conj           100%       1d8       1%          1
c - Poisonous Vapours     Pois/Air       100%       N/A       1%          2
d - Ignite Poison         Fire/Tmut/Pois 71%        N/A       1%          3
e - Anguish               Hex/Necr       35%        N/A       1%          4
f - Silence               Hex/Air        35%        N/A       1%          5
Your spell library was empty.

Dungeon Overview and Level Annotations

Branches:
Dungeon (9/15)             Temple (0/1) D:6            Lair (1/6) D:9
    Orc: D:9-12

Altars:
Vehumet

Shops:
D:6 ?

Annotations:
D:9 3 runed translucent doors, Maurice


Innate Abilities, Weirdness & Mutations

You are immune to sickness and miasma.
You are immune to poison.
Your flesh is very heat resistant. (rF++)
You are vulnerable to cold. (rC-)
You float through the air rather than walking.
You learn spells naturally, not from books.
Your magical power is your life essence.
You have superior vitality. (+4 MHP)


Message History

Press: ? - help, Dir - look around, f - activate The cane toad is haunted by guilt!
The four-headed hydra resists with some effort.
The cane toad misses you.
You slash the cane toad! You burn the cane toad!
You kill the cane toad!
Your Dodging skill increases to level 5!
Casting: Anguish (safe; 1% risk of failure)
Confirm with . or Enter, or press ? or * to list all spells.
Flames lash the four-headed hydra.
The four-headed hydra is lightly wounded.
The four-headed hydra's fire resistance burns away.
The four-headed hydra completely misses you. x2
You block the four-headed hydra's attack.
The four-headed hydra closely misses you.
You chop one of the four-headed hydra's heads off!
The flame cauterises the wound!
You slash the three-headed hydra! You burn the three-headed hydra.
The three-headed hydra is moderately wounded.
The three-headed hydra bites you!
The three-headed hydra barely misses you.
You block the three-headed hydra's attack.
You hack one of the three-headed hydra's heads off!
The flame cauterises the wound!
You slash the two-headed hydra! You burn the two-headed hydra.
The two-headed hydra is heavily wounded.
The two-headed hydra bites you!
* * * LOW HITPOINT WARNING * * *
The two-headed hydra bites you.
* * * LOW HITPOINT WARNING * * *
Casting: Scorch (safe; 1% risk of failure)
Confirm with . or Enter, or press ? or * to list all spells.
Flames lash the two-headed hydra.
The two-headed hydra is burned terribly!
The two-headed hydra is almost dead.
* * * LOW HITPOINT WARNING * * *
The two-headed hydra bites you!
* * * LOW HITPOINT WARNING * * *
The two-headed hydra bites you.
You die...

∙∙∙∙∙▒▒∙▒■▒▒▒▒▒▒▒▒
∙∙▒▒ ▒▒∙∙∙∙∙∙∙∙∙▒
∙ ▒∙∙∙∙∙∙∙∙∙▒▒
▒∙∙∙∙∙∙∙∙∙P▒
▒∙∙∙∙∙∙∙∙∙▒▒ ∙
▒∙∙∙∙∙∙∙∙∙∙▒
▒∙∙▒▒▒∙∙∙∙∙∙∙∙∙▒
▒▒∙∙>∙▒▒▒∙∙∙∙∙▒
▒∙∙∙∙∙DR∙∙∙▒▒▒▒
∙∙∙!∙⌠∙∙∙†▒▒▒
∙∙∙▒▒∙▒▒∙∙∙▒ ∙∙▒
▒▒ ▒∙∙∙∙▒ ▒▒∙∙∙∙∙
▒▒∙∙∙∙∙


∙∙∙∙∙■ ∙∙∙∙⌠▒ You could see a two-headed hydra (combustible).

Vanquished Creatures
  A boulder beetle (D:8)
  Erica (D:9)
  Pikel (D:9)
  2 cyclopes (D:8)
  A black mamba (Lair:1)
  4 cane toads (Lair:1)
  Maggie (D:7)
  A komodo dragon (Lair:1)
  A troll (D:8)
  A polar bear (Lair:1)
  Prince Ribbit (D:5)
  2 hornets (D:8)
  7 wyverns
  3 yaks (D:9)
  2 basilisks
  Menkaure (D:5)
  2 steam dragons (D:8)
  A vampire mosquito (D:8)
  Duvessa (D:7)
  9 water moccasins
  4 orc warriors
  3 sky beasts
  2 hornet zombies (D:8)
  An ice beast (D:7)
  3 black bears (D:8)
  3 ogres
  4 necrophages (D:8)
  8 centaurs
  A phantom (D:7)
  A kobold brigand (D:8)
  3 gnoll sergeants
  4 bullfrogs
  2 scorpions
  5 wyvern zombies
  Dowan (D:7)
  A water moccasin skeleton (D:4)
  A killer bee (D:8)
  13 wights
  4 centaur zombies
  2 jellies
  3 hounds
  2 orc priests
  A bullfrog skeleton (D:7)
  A centaur skeleton (D:7)
  An iguana (D:5)
  10 orc wizards
  A hound zombie (D:5)
  A howler monkey zombie (D:6)
  7 gnolls (D:6)
  3 adders
  A shadow imp (D:8)
  4 white imps
  An adder skeleton (D:4)
  A worm (D:2)
  16 orcs
  5 endoplasms
  5 giant cockroaches
  4 goblins
  7 hobgoblins
  6 jackals
  2 quokkas
  4 ball pythons
  7 bats
  3 frilled lizards
  4 kobolds
  3 rats
212 creatures vanquished.

Vanquished Creatures (others)
  A hydra (D:8)
  A centaur warrior (D:8)
  17 foxfires (D:2)
  A fungus (D:9)
  29 plants
  5 withered plants (D:8)
54 creatures vanquished.

Grand Total: 266 creatures vanquished

Notes
Turn   | Place    | Note
-------+----------+-------------------------------------------
     0 | D:1      | Zeor the Djinni Cinder Acolyte began the quest for the Orb.
     0 | D:1      | Reached XP level 1. HP: 20/20 MP: 0/0
   247 | D:1      | Found a faded altar of an unknown god.
   337 | D:1      | Reached XP level 2. HP: 16/25 MP: 0/0
  1298 | D:1      | Reached XP level 3. HP: 26/30 MP: 0/0
  1298 | D:1      | Learned a level 1 spell: Magic Dart
  1836 | D:2      | Reached skill level 1 in Dodging
  1911 | D:2      | Reached skill level 3 in Spellcasting
  2286 | D:2      | Reached XP level 4. HP: 18/35 MP: 0/0
  2778 | D:2      | Reached skill level 1 in Shields
  3343 | D:3      | Reached XP level 5. HP: 33/40 MP: 0/0
  3343 | D:3      | Learned a level 2 spell: Poisonous Vapours
  3714 | D:3      | Identified the +0 helmet of Oblivion {rF+ Int+3 Dex+7}
  3800 | D:4      | Reached XP level 6. HP: 39/46 MP: 0/0
  3992 | D:4      | Reached skill level 4 in Spellcasting
  4155 | D:4      | Reached skill level 1 in Stealth
  4390 | D:4      | Reached XP level 7. HP: 31/50 MP: 0/0
  4390 | D:4      | Learned a level 3 spell: Ignite Poison
  4882 | D:5      | Entered Level 5 of the Dungeon
  5039 | D:5      | Noticed a water moccasin
  5062 | D:5      | Reached skill level 5 in Spellcasting
  5215 | D:5      | Noticed Prince Ribbit
  5628 | D:5      | Noticed Menkaure
  5639 | D:5      | Killed Menkaure
  5640 | D:5      | Reached XP level 8. HP: 53/57 MP: 0/0
  6079 | D:5      | Killed Prince Ribbit
  6080 | D:5      | Reached skill level 6 in Spellcasting
  6297 | D:6      | HP: 2/58 [wyvern zombie (5)]
  6304 | D:6      | Reached XP level 9. HP: 10/62 MP: 0/0
  6304 | D:6      | Learned a level 4 spell: Anguish
  6564 | D:6      | Found a staircase to the Ecumenical Temple.
  6731 | D:6      | Reached skill level 7 in Spellcasting
  6958 | D:6      | Found Ocromiext's Magic Scroll Boutique.
  6977 | D:6      | Bought a scroll of identify for 24 gold pieces
  6977 | D:6      | Bought a scroll of fear for 42 gold pieces
  6978 | D:6      | Bought a scroll of identify for 24 gold pieces
  7713 | D:7      | Noticed Dowan
  7715 | D:7      | Noticed Duvessa
  7720 | D:7      | Killed Duvessa
  7720 | D:7      | Killed Dowan
  7721 | D:7      | Reached skill level 8 in Spellcasting
  8004 | D:7      | Reached XP level 10. HP: 41/69 MP: 0/0
  8448 | D:7      | Noticed Maggie
  8452 | D:7      | Killed Maggie
  8453 | D:7      | Reached skill level 9 in Spellcasting
  8621 | D:8      | Noticed a cyclops
  8635 | D:8      | Killed a cyclops
  8710 | D:8      | Reached skill level 1 in Armour
  9376 | D:8      | Reached skill level 5 in Shields
  9403 | D:8      | Reached skill level 10 in Spellcasting
  9776 | D:8      | Reached skill level 5 in Fighting
 10107 | D:8      | Reached XP level 11. HP: 62/76 MP: 0/0
 10107 | D:8      | Learned a level 5 spell: Silence
 10250 | D:8      | Noticed a six-headed hydra
 10921 | D:8      | Noticed a boulder beetle
 10944 | D:8      | Killed a boulder beetle
 10945 | D:8      | Reached skill level 11 in Spellcasting
 11210 | D:8      | Noticed a centaur warrior
 11219 | D:8      | Killed a centaur warrior
 11220 | D:8      | Noticed a cyclops
 11224 | D:8      | Killed a cyclops
 11955 | D:8      | Killed a four-headed hydra
 12176 | D:9      | Noticed Pikel
 12179 | D:9      | Killed Pikel
 12427 | D:9      | Noticed Maurice
 12760 | D:9      | Reached XP level 12. HP: 79/84 MP: 0/0
 12906 | D:9      | Found a staircase to the Lair.
 13058 | D:9      | Noticed Erica
 13062 | D:9      | Killed Erica
 13134 | D:9      | Found a runed translucent gate.
 13134 | D:9      | Found a runed translucent gate.
 13135 | D:9      | Found a runed translucent gate.
 13310 | D:9      | Reached skill level 12 in Spellcasting
 13718 | Lair:1   | Entered Level 1 of the Lair of Beasts
 14098 | Lair:1   | Reached skill level 5 in Long Blades
 14331 | Lair:1   | Identified the +1 leather armour of Menu {Rampage rPois
                  | Will- Str+6}
 14413 | Lair:1   | Noticed a four-headed hydra
 14420 | Lair:1   | Reached skill level 5 in Dodging
 14423 | Lair:1   | Slain by a two-headed hydra

Illustrated notes

Levels and vault maps discovered:
D:1:      dpeg_arrival_round_b, layout_loops_corners,
          hellmonk_ecumenical_altar_inner_sanctum
D:2:      layout_basic, serial_curves, eino_curves_01, eino_curves_03,
          eino_curves_02, eino_curves_04
D:3:      layout_rooms, nrook_uturn
D:4:      layout_loops_ring
D:5:      layout_gridville, serial_glass, glass_columns_b, glass_columns_a,
          minmay_strange_pillars, feat_on_display, feat_on_display,
          item_on_display_a, uniq_menkaure, uniq_prince_ribbit1
D:6:      layout_rooms, minmay_temple_entry_trees, serial_shops, shop
D:7:      layout_rooms, hangedman_minor_gate_pass, uniq_duvessa, uniq_maggie
D:8:      nzn_winding_woodlands_stair_cross
          [nzn_winding_woodlands_5x15_sidewinder,
          nzn_winding_woodlands_center_triple_pond,
          nzn_winding_woodlands_5x15_parted, nzn_winding_woodlands_5x5_cross,
          nzn_winding_woodlands_5x5_open_star,
          nzn_winding_woodlands_5x15_garden,
          nzn_winding_woodlands_center_garden,
          nzn_winding_woodlands_5x15_jagged], layout_basic,
          nicolae_vehumet_radiance, serial_undead, serial_undead_a,
          serial_undead_f, serial_undead_f, serial_undead_d, serial_undead_c,
          serial_undead_e, serial_undead_d, roderic_roman_lattice
D:9:      nicolae_cairo_tiling_large, layout_irregular_city,
          minmay_lair_entry_grove, ploomutoo_gammafunk_ghost_potion_laboratory,
          uniq_erica, uniq_pikel, uniq_maurice
Lair:1:   layout_roguey, infiniplex_staircase_pool_2, grunt_megastairs_5

Skill      XL: |  1  2  3  4  5  6  7  8  9 10 11 12 |
---------------+-------------------------------------+-----
Dodging        | 1 2 3 4 5 |  5.0
Spellcasting   | 3 4 5 6 8 10 11 12 | 12.2
Shields        | 1 2 3 4 5 |  5.5
Long Blades    | 3 4 5 |  5.3
Stealth        | 1 |  1.0
Fighting       | 4 5 6 7 |  7.7
Armour         | 1 3 |  3.1

Action                   |  1- 3 |  4- 6 |  7- 9 | 10-12 || total
-------------------------+-------+-------+-------+-------++-------
Melee: Falchion          |    58 |    41 |    20 |    52 ||   171
       Long sword        |       |       |     9 |    33 ||    42
       Scimitar          |       |       |       |    53 ||    53
 Cast: Scorch            |    17 |    33 |    64 |   105 ||   219
       Magic Dart        |    18 |     8 |     3 |    12 ||    41
       Poisonous Vapours |       |     1 |    21 |    59 ||    81
       Ignite Poison     |       |       |    15 |    43 ||    58
       Anguish           |       |       |       |    13 ||    13
Invok: Foxfire Swarm     |     1 |       |       |       ||     1
       Fiery Armour      |       |     1 |     1 |     1 ||     3
       Rising Flame      |       |       |       |     1 ||     1
  Use: Scroll            |     3 |     4 |     4 |     9 ||    20
       Potion            |       |     1 |     2 |       ||     3
Armor: Robe              |    30 |     8 |    15 |       ||    53
       Leather armour    |       |       |     3 |    61 ||    64
Dodge: Dodged            |    38 |    29 |    44 |   186 ||   297
Block: Buckler           |     4 |    10 |    21 |    77 ||   112
